 Dungeon Crawl Stone Soup version 0.28-a0-239-g68911e0c57 (webtiles) character file.

Game seed: 12464932194880484014

10656 Colgate the Severer (level 11, 0/99 HPs)
             Began as a Minotaur Berserker on Aug 23, 2021.
             Was a High Priest of Trog.
             Slain by a bullfrog (7 damage)
             ... on level 2 of the Lair of Beasts.
             The game lasted 00:05:04 (8319 turns).

Colgate the Severer (Minotaur Berserker)            Turns: 8319, Time: 00:05:04

Health: 0/99       AC: 17    Str: 25    XL:     11   Next: 39%
Magic:  10/10      EV:  9    Int:  4    God:    Trog [*****.]
Gold:   296        SH:  0    Dex: 16    Spells: 10/10 levels left

rFire   + . .      SeeInvis .   f - +5 broad axe of Mitz {spect, rF+ rC+ rN+}
rCold   + . .      Faith    +   (no shield)
rNeg    + . .      Spirit   .   m - +0 plate armour
rPois   +          Reflect  .   (helmet restricted)
rElec   .          Harm     .   (no cloak)
rCorr   .          Rampage  .   c - +2 pair of gloves
Will    .....                   (no boots)
Stlth   ..........              k - amulet of faith
HPRegen 0.26/turn               l - +6 ring of dexterity
MPRegen 0.12/turn               i - ring of poison resistance

@: marked, on berserk cooldown, slowed, very slow
A: horns 2, retaliatory headbutt
a: Renounce Religion, Berserk, Trog's Hand, Brothers in Arms


You were on level 2 of the Lair of Beasts.
You worshipped Trog.
Trog was extremely pleased with you.
You visited 2 branches of the dungeon, and saw 10 of its levels.
You also visited: Ossuary.

You collected 742 gold pieces.
You spent 446 gold pieces at shops.


Innate Abilities, Weirdness & Mutations

You have a pair of horns on your head.
You reflexively headbutt those who attack you in melee.


   Skills:
 - Level 10.0 Fighting
 + Level 15.8 Axes
 - Level 9.5 Armour
 - Level 5.0 Dodging


You had 10 spell levels left.
You didn't know any spells.
Your spell library was empty.

Inventory:

Hand Weapons
 a - a +0 morningstar
 f - the +5 broad axe of Mitz (weapon) {spect, rF+ rC+ rN+}
   (You acquired it on level 4 of the Dungeon)

   When its wielder attacks, the weapon's spirit leaps out and strikes again.
   The spirit shares a part of any damage it takes with its wielder.
   rF:        It protects you from fire.
   rC:        It protects you from cold.
   rN:        It protects you from negative energy.
Armour
 b - a +2 chain mail of fire resistance
 c - a +2 pair of gloves (worn)
 m - a +0 plate armour (worn)
Jewellery
 i - a ring of poison resistance (right hand)
 k - an amulet of faith (around neck)
 l - a +6 ring of dexterity (left hand)
Wands
 s - a wand of digging (7)
Scrolls
 e - 6 scrolls of teleportation
 g - 5 scrolls of identify
Potions
 h - a potion of haste
 j - a potion of resistance
 n - 8 potions of curing
 o - a potion of might

Dungeon Overview and Level Annotations

Branches:
Dungeon (8/15)             Temple (0/1) D:5            Lair (1/6) D:8
Ossuary (visited)

Altars:
Gozag

Shops:
D:3 *   D:5 *   D:7 [

Annotations:
D:6 4 runed translucent doors, Crazy Yiuf; anet's ghost, weakling GnDe


Message History

Your +5 broad axe of Mitz {spect, rF+ rC+ rN+} hits the redback!
The jumping spider leaps!
The redback barely misses you. You furiously retaliate!
You headbutt the redback. The boulder beetle hits you!!!
Ouch! That really hurt!
The boulder beetle stops rolling and uncurls.
The redback closely misses you. The boulder beetle bites you.
8317 ||| DRINKING 2 potions of heal wounds.
You feel much better. The redback bites you.
A bullfrog comes into view.
The bullfrog misses you.
The boulder beetle bites you but does no damage.
The redback bites you but does no damage.
8318 ||| DRINKING potion of heal wounds.
You feel much better. The bullfrog closely misses you.
The redback closely misses you.
A water moccasin comes into view.
The bullfrog hits you but does no damage.
The jumping spider leaps!
The boulder beetle bites you! The redback bites you.
A yak comes into view.
The cane toad completely misses you.
The jumping spider leaps!
A yak comes into view.
The bullfrog hits you but does no damage.
The boulder beetle barely misses you. You furiously retaliate!
You headbutt the boulder beetle, but do no damage.
8319 ||| INVOKING Brothers in Arms.
Your deep troll goes berserk!
The redback bites you but does no damage.
The bullfrog misses you. You furiously retaliate!
You headbutt the bullfrog!
The water moccasin bites you but does no damage.
The cane toad stings you!
The jumping spider leaps!
The bullfrog barely misses you. You furiously retaliate!
You headbutt the bullfrog! The redback bites you! The water moccasin bites you.
A yak comes into view.
The bullfrog hits you but does no damage.
The boulder beetle completely misses you.
The jumping spider leaps!
The cane toad barely misses you. The bullfrog hits you!
You die...

......>.........
................
.P.............#
...)0.00......##
......s.%%.....#
.........%....#
.......%T%...##
.......S......#
......F@s..0....
......FFB.......
Y......F........
.Y..............
.Y..............
.......S.......
...>...........
...............


You could see a boulder beetle, 3 yaks, a cane toad, a jumping spider, 2 water
moccasins, a redback, 3 bullfrogs and a friendly deep troll (summoned, berserk).

Vanquished Creatures
  A cyclops (D:7)
  A black mamba (Lair:2)
  3 cane toads (Lair:2)
  2 komodo dragons (D:8)
  Sigmund (D:3)
  A wyvern (D:8)
  26 yaks
  2 basilisks
  3 steam dragons (D:8)
  5 water moccasins
  3 ice beasts
  An orc warrior (D:6)
  A necrophage (D:6)
  2 ogres
  2 centaurs (D:4)
  12 wolves (Lair:1)
  A phantom (D:4)
  A kobold brigand (D:8)
  2 bullfrogs
  A scorpion (D:5)
  2 water moccasin skeletons
  4 wights (D:7)
  2 howler monkeys (D:8)
  2 centaur zombies
  2 bullfrog zombies
  3 jellies
  A centaur skeleton (D:5)
  A gnoll shaman (D:6)
  3 hounds
  6 orc priests
  A bullfrog skeleton (D:5)
  Ijyb (D:3)
  3 iguanas
  2 orc wizards
  8 mummies (Ossuary)
  8 gnolls
  4 adders
  A white imp (D:6)
  A worm (D:2)
  22 orcs
  4 endoplasms
  4 giant cockroaches
  3 gnoll zombies (Ossuary)
  9 goblins
  7 hobgoblins
  4 jackals (D:4)
  10 kobolds
  3 quokkas
  7 ball pythons
  4 bats
  3 frilled lizards
  3 hobgoblin zombies (Ossuary)
  A kobold zombie (Ossuary)
  An orc zombie (Ossuary)
  5 rats
216 creatures vanquished.

Vanquished Creatures (others)
  4 fungi (Lair:1)
  16 plants (Lair:1)
20 creatures vanquished.

Grand Total: 236 creatures vanquished

Notes
Turn   | Place    | Note
-------+----------+-------------------------------------------
     0 | D:1      | Colgate the Minotaur Berserker began the quest for the Orb.
     0 | D:1      | Reached XP level 1. HP: 19/19 MP: 0/0
     0 | D:1      | 0 ||| counter = 32
    48 | D:1      | Reached skill level 4 in Axes
   137 | D:1      | Reached XP level 2. HP: 20/26 MP: 1/1
   352 | D:1      | 352 ||| INVOKING Berserk.
   968 | D:1      | 968 ||| UPGRADING to +0 leather armour.
   978 | D:1      | 978 ||| DROPPING +0 animal skin.
   979 | D:1      | 979 ||| UPGRADING to +0 chain mail.
   989 | D:1      | 989 ||| DROPPING +0 leather armour.
   990 | D:1      | 990 ||| READING scroll labelled MIAFYTA ACOWK.
   991 | D:1      | 991 ||| READING scroll labelled OMPEASMIAPN.
  1019 | D:1      | 1019 ||| READING scroll labelled LUCAHECWAI.
  1020 | D:1      | 1020 ||| READING scroll labelled KAAJUFFOLYU.
  1174 | D:2      | Reached skill level 5 in Axes
  1174 | D:2      | Reached XP level 3. HP: 21/31 MP: 2/2
  1319 | D:2      | Found a faded altar of an unknown god.
  1876 | D:2      | Reached ** piety under Trog
  2096 | D:2      | 2096 ||| INVOKING Berserk.
  2186 | D:2      | 2186 ||| DROPPING ring of magical power.
  2187 | D:2      | 2187 ||| READING scroll labelled ROXAHA KOSTRUA.
  2262 | D:3      | 2262 ||| INVOKING Berserk.
  2267 | D:3      | Reached skill level 6 in Axes
  2267 | D:3      | Reached XP level 4. HP: 39/39 MP: 3/3
  2333 | D:3      | 2333 ||| INVOKING Berserk.
  2338 | D:3      | Reached skill level 7 in Axes
  2338 | D:3      | Reached XP level 5. HP: 45/45 MP: 4/4
  2518 | D:3      | Noticed Ijyb
  2523 | D:3      | 2523 ||| INVOKING Berserk.
  2526 | D:3      | Killed Ijyb
  2663 | D:3      | Noticed Sigmund
  2664 | D:3      | Found Gust's General Store.
  2676 | D:3      | HP: 10/46 [Sigmund/magic dart (9)]
  2677 | D:3      | 2677 ||| INVOKING Berserk.
  2680 | D:3      | Killed Sigmund
  2681 | D:3      | Reached skill level 8 in Axes
  2681 | D:3      | Reached XP level 6. HP: 17/52 MP: 5/5
  2908 | D:3      | 2908 ||| BUYING +0 pair of gloves (54 gold).
  2908 | D:3      | Bought a +0 pair of gloves for 54 gold pieces
  2908 | D:3      | 2908 ||| SHOPLISTING 2 potions of cancellation (192 gold,
                  | have 55).
  2908 | D:3      | 2908 ||| SHOPLISTING ring of protection from cold (300
                  | gold, have 55).
  2908 | D:3      | 2908 ||| BUYING scroll of teleportation (36 gold).
  2908 | D:3      | Bought a scroll of teleportation for 36 gold pieces
  3161 | D:3      | 3161 ||| DROPPING +0 club.
  3307 | D:3      | 3307 ||| UPGRADING to +0 pair of gloves.
  3312 | D:3      | 3312 ||| READING 2 scrolls labelled FUFO QA NUFEU.
  3313 | D:3      | 3313 ||| READING scroll labelled GIOTOASOLIA.
  3342 | D:4      | 3342 ||| INVOKING Berserk.
  3346 | D:4      | Reached skill level 9 in Axes
  3546 | D:4      | Reached skill level 3 in Armour
  3546 | D:4      | Reached XP level 7. HP: 53/59 MP: 6/6
  4006 | D:4      | HP: 13/61 [centaur/arrow (6)]
  4007 | D:4      | 4007 ||| INVOKING Berserk.
  4010 | D:4      | Reached *** piety under Trog
  4339 | D:4      | 4339 ||| UPGRADING to +6 ring of dexterity.
  4340 | D:4      | 4340 ||| READING scroll labelled DALULL ECUTU.
  4340 | D:4      | Identified a scroll of acquirement
  4340 | D:4      | 4340 ||| ACQUIRING +5 broad axe of Mitz {spect, rF+ rC+
                  | rN+}
  4340 | D:4      | Acquired the +5 broad axe of Mitz {spect, rF+ rC+ rN+}
  4342 | D:4      | 4342 ||| SWAPPING to +5 broad axe of Mitz {spect, rF+ rC+
                  | rN+}.
  4343 | D:4      | 4343 ||| DROPPING +0 hand axe.
  4344 | D:4      | 4344 ||| READING scroll labelled ISHECUXZEM.
  4345 | D:4      | 4345 ||| READING scroll labelled BECSUO AM YPT.
  4346 | D:4      | 4346 ||| DRINKING 2 golden potions.
  4347 | D:4      | 4347 ||| DROPPING potion of attraction.
  4372 | D:5      | Entered Level 5 of the Dungeon
  4485 | D:5      | Found Nefimesk's General Store.
  4538 | D:5      | Reached skill level 10 in Axes
  4830 | D:5      | Found a sand-covered staircase.
  4831 | D:5      | 4831 ||| Found Ossuary.
  4840 | Ossuary  | Entered an ossuary
  4841 | Ossuary  | 4841 ||| Entered Ossuary.
  4915 | Ossuary  | Reached XP level 8. HP: 70/70 MP: 7/7
  4967 | Ossuary  | 4967 ||| READING scroll of enchant armour.
  4967 | Ossuary  | 4967 ||| ENCHANTING +0 pair of gloves.
  4987 | Ossuary  | Reached skill level 6 in Fighting
  5027 | Ossuary  | 5027 ||| READING scroll of enchant armour.
  5027 | Ossuary  | 5027 ||| ENCHANTING +1 pair of gloves.
  5050 | Ossuary  | 5050 ||| DRINKING 3 fizzy puce potions.
  5051 | Ossuary  | 5051 ||| DRINKING 4 amethyst potions.
  5052 | Ossuary  | 5052 ||| DRINKING 2 ruby potions.
  5053 | Ossuary  | 5053 ||| DRINKING 7 fizzy grey potions.
  5054 | Ossuary  | 5054 ||| READING 4 scrolls of identify.
  5054 | Ossuary  | 5054 ||| IDENTIFYING silvery potion
  5055 | Ossuary  | 5055 ||| READING 3 scrolls of identify.
  5055 | Ossuary  | 5055 ||| IDENTIFYING brown potion
  5056 | Ossuary  | 5056 ||| READING 2 scrolls of identify.
  5056 | Ossuary  | 5056 ||| IDENTIFYING orange potion
  5057 | Ossuary  | 5057 ||| DROPPING 2 potions of brilliance.
  5058 | Ossuary  | 5058 ||| DROPPING 3 potions of flight.
  5059 | Ossuary  | 5059 ||| DROPPING potion of degeneration.
  5060 | Ossuary  | 5060 ||| DROPPING potion of magic.
  5155 | D:5      | You fall into a shaft and drop 3 floors!
  5156 | D:8      | 5156 ||| Shafted from D:5 to D:8.
  5257 | D:7      | Reached skill level 3 in Dodging
  5262 | D:7      | Reached skill level 11 in Axes
  5407 | D:6      | Found a runed translucent gate.
  5407 | D:6      | Found a runed translucent gate.
  5407 | D:6      | Found a runed translucent gate.
  5408 | D:6      | Noticed anet's ghost (weakling GnDe)
  5499 | D:6      | 5499 ||| INVOKING Berserk.
  5546 | D:6      | 5546 ||| INVOKING Berserk.
  5551 | D:6      | Reached **** piety under Trog
  5569 | D:6      | Reached XP level 9. HP: 79/79 MP: 8/8
  5579 | D:6      | Reached skill level 12 in Axes
  5927 | D:5      | 5927 ||| Successfully unshafted to D:5.
  6194 | D:5      | Found a staircase to the Ecumenical Temple.
  6222 | D:5      | 6222 ||| UPGRADING to +0 plate armour.
  6232 | D:5      | 6232 ||| DROPPING +0 chain mail.
  6233 | D:5      | 6233 ||| UPGRADING to ring of poison resistance.
  6234 | D:5      | 6234 ||| DROPPING +6 ring of intelligence.
  6235 | D:5      | 6235 ||| READING scroll labelled ZAHEEM RAVVUWK.
  6236 | D:5      | 6236 ||| READING scroll labelled ELUIHO ESTEEX.
  6237 | D:5      | 6237 ||| READING 4 scrolls of identify.
  6237 | D:5      | 6237 ||| IDENTIFYING bubbling silvery potion
  6238 | D:5      | 6238 ||| READING 3 scrolls of identify.
  6238 | D:5      | 6238 ||| IDENTIFYING bubbling brown potion
  6239 | D:5      | 6239 ||| DROPPING wand of iceblast (12).
  6240 | D:5      | 6240 ||| DROPPING potion of lignification.
  6318 | D:6      | Found a runed translucent door.
  6319 | D:6      | Noticed Crazy Yiuf
  6382 | D:6      | 6382 ||| INVOKING Berserk.
  6540 | D:7      | Found Finoazuc's Antique Armour Boutique.
  6556 | D:7      | 6556 ||| BUYING pair of heavily runed gloves (199 gold).
  6556 | D:7      | Bought a pair of heavily runed gloves for 199 gold pieces
  6556 | D:7      | Identified the +1 pair of gloves "Beziu" {*Corrode Fly
                  | Regen+ Int+5} (You bought it in a shop on level 7 of the
                  | Dungeon)
  6556 | D:7      | 6556 ||| BUYING shiny chain mail (157 gold).
  6556 | D:7      | Bought a shiny chain mail for 157 gold pieces
  6639 | D:7      | Found an opulent altar of Gozag.
  6701 | D:7      | Reached skill level 6 in Armour
  6771 | D:7      | 6771 ||| INVOKING Berserk.
  6825 | D:7      | Noticed a cyclops
  6838 | D:7      | 6838 ||| INVOKING Berserk.
  6841 | D:7      | Killed a cyclops
  6842 | D:7      | Reached skill level 13 in Axes
  7028 | D:7      | 7028 ||| INVOKING Berserk.
  7251 | D:7      | 7251 ||| DROPPING +1 pair of gloves "Beziu" {*Corrode Fly
                  | Regen+ Int+5}.
  7369 | D:8      | 7369 ||| DROPPING +0 flail.
  7497 | D:8      | Noticed a komodo dragon
  7501 | D:8      | 7501 ||| INVOKING Berserk.
  7504 | D:8      | Killed a komodo dragon
  7505 | D:8      | Reached XP level 10. HP: 90/90 MP: 9/9
  7551 | D:8      | Reached skill level 9 in Fighting
  7581 | D:8      | 7581 ||| INVOKING Berserk.
  7868 | D:8      | Found a staircase to the Lair.
  7872 | D:8      | 7872 ||| UPGRADING to amulet of faith.
  7878 | Lair:1   | Entered Level 1 of the Lair of Beasts
  7879 | Lair:1   | 7879 ||| Entered L.
  7907 | Lair:1   | Reached skill level 14 in Axes
  7932 | Lair:1   | 7932 ||| DRINKING potion of cancellation.
  8027 | Lair:1   | Reached ***** piety under Trog
  8051 | Lair:1   | Reached skill level 15 in Axes
  8284 | Lair:1   | You fall into a shaft and drop 1 floor!
  8284 | Lair:2   | Noticed a black mamba
  8284 | Lair:2   | Noticed a cane toad
  8285 | Lair:2   | 8285 ||| Shafted from Lair:1 to Lair:2.
  8288 | Lair:2   | Reached XP level 11. HP: 96/99 MP: 10/10
  8289 | Lair:2   | 8289 ||| INVOKING Berserk.
  8292 | Lair:2   | Reached skill level 9 in Armour
  8312 | Lair:2   | Noticed a boulder beetle
  8315 | Lair:2   | Received a gift from Trog
  8316 | Lair:2   | HP: 15/99 [boulder beetle (51)]
  8317 | Lair:2   | 8317 ||| DRINKING 2 potions of heal wounds.
  8318 | Lair:2   | 8318 ||| DRINKING potion of heal wounds.
  8319 | Lair:2   | 8319 ||| INVOKING Brothers in Arms.
  8319 | Lair:2   | HP: 7/99 [water moccasin (2)]
  8319 | Lair:2   | Slain by a bullfrog

Levels and vault maps discovered:
D:1:      psy_arrival_dodecagon, layout_loops_ring
D:2:      layout_basic, chequers_ecumenical_altar_simple_redux, minmay_ruptured
D:3:      layout_rooms, serial_shops, shop, minmay_misc_feat_secret_circle,
          glass_columns_c, uniq_sigmund, uniq_ijyb
D:4:      layout_cave_pools, nrook_campfire, minmay_manual_mares
D:5:      layout_loops_ring, minmay_temple_entry_enclosed_plants,
          enter_ossuary_1, serial_shops, nicolae_shop_behind_doors
D:6:      layout_loops_ring, gammafunk_ghost_split, uniq_crazy_yiuf_cottage
D:7:      layout_loops_ring, grunt_gozag_breadcrumbs, serial_shops,
          nicolae_shop_stone, minmay_three_doors
D:8:      layout_rooms, erik_lair_dragon
Lair:1:   layout_long_grid, serial_bayou, serial_bayou_pond_c,
          serial_bayou_pond_c, serial_bayou_pond_c, serial_bayou_lagoon_b,
          serial_bayou_pond_d, hibernation_bobbens
Lair:2:   layout_hall_layers, spider_nest_entry_funnel_web

Skill      XL: |  1  2  3  4  5  6  7  8  9 10 11 |
---------------+----------------------------------+-----
Axes           | 4 5 6 7 8 9 10 11 13 15 | 15.8
Fighting       | 4 5 7 8 10 | 10.0
Armour         | 3 4 7 8 9 |  9.5
Dodging        | 3 4 5 |  5.0

Action                   |  1- 3 |  4- 6 |  7- 9 | 10-12 || total
-------------------------+-------+-------+-------+-------++-------
Melee: Hand axe          |    74 |    77 |    45 |       ||   196
       Headbutt          |     7 |    13 |    35 |    32 ||    87
       Broad axe         |       |       |   119 |    91 ||   210
Invok: Berserk           |     3 |     4 |     8 |     2 ||    17
       Brothers in Arms  |       |       |       |     1 ||     1
  Use: Scroll            |     5 |     2 |    12 |       ||    19
       Potion            |       |       |     5 |     3 ||     8
 Stab: Distracted        |       |       |     3 |       ||     3
Armor: Animal skin       |     3 |       |       |       ||     3
       Chain mail        |    25 |    26 |    46 |       ||    97
       Plate armour      |       |       |    18 |    37 ||    55
Dodge: Dodged            |    18 |    34 |    48 |    44 ||   144

Table legend:
 A = Non-vault XP
 B = Vault XP
 C = Vault XP percentage of total XP
 D = Non-vault monster count
 E = Vault monster count
 F = Vault count percentage of total count
                 A         B        C        D         E       F
            +---------+---------+-------+---------+---------+-------
      Total |   12599 |    2624 |  17.2 |     185 |      31 |  14.4
            +---------+---------+-------+---------+---------+-------
        D:1 |      30 |       0 |   0.0 |      17 |       0 |   0.0
        D:2 |      51 |       7 |  12.1 |      17 |       4 |  19.0
        D:3 |     197 |     248 |  55.7 |      18 |       2 |  10.0
        D:4 |     396 |     230 |  36.7 |      19 |       2 |   9.5
        D:5 |     449 |       0 |   0.0 |       8 |       0 |   0.0
        D:6 |    1101 |       0 |   0.0 |      24 |       0 |   0.0
        D:7 |     973 |     903 |  48.1 |      14 |       3 |  17.6
        D:8 |     868 |    1084 |  55.5 |      23 |       4 |  14.8
     Lair:1 |    4216 |       0 |   0.0 |      27 |       0 |   0.0
     Lair:2 |    4318 |       0 |   0.0 |      18 |       0 |   0.0
    Ossuary |       0 |     152 | 100.0 |       0 |      16 | 100.0
            +---------+---------+-------+---------+---------+-------
